ORI
UNIVERSITY OF MAINE BLACK BEARS @ UNIVERSITY OF MIAMI HURRICANES
08/01/2048
 
TOP OF THE 1ST
University of Maine Black Bears batting - Pitching for University of Miami Hurricanes : RHP Alberto Arellano
Pitching: RHP Alberto Arellano
Batting: RHB Mark Cozens 0-0: Ground out 5-3 (Groundball, 5, EV 80.6 MPH)
Batting: RHB Wang Huan 0-0: Swinging Strike
0-1: Fly out, F3 (Popup, 3L, EV 55.6 MPH)
Batting: LHB Seung Pack 0-0: Ball
1-0: Ball
2-0: Called Strike
2-1: DOUBLE (Groundball, 3L, EV 110.0 MPH)
Batting: RHB Alex Day 0-0: Called Strike
0-1: Ball
1-1: Ball
2-1: Swinging Strike
2-2: Strikes out swinging
Top of the 1st over - 0 runs, 1 hit, 0 errors, 1 left on base; University of Maine 0 - University of Miami 0
BOTTOM OF THE 1ST
University of Miami Hurricanes batting - Pitching for University of Maine Black Bears : RHP Johnny Becerra
Pitching: RHP Johnny Becerra
Batting: LHB Juan Zuniga 0-0: Called Strike
0-1: Foul Ball, location: 2F
0-2: Ball
1-2: Ball
2-2: Ball
3-2: Foul Ball, location: 2F
3-2: Hit by Pitch
Batting: LHB Hector Salazar 0-0: Called Strike
Juan Zuniga steals 2nd base
0-1: Ball
1-1: Fly out, F8 (Flyball, 8LM, EV 68.8 MPH)
Batting: LHB Brian Woods 0-0: Ground out 6-3 (Groundball, 6, EV 79.4 MPH)
Batting: RHB Danny Gallardo 0-0: Foul Ball, location: 2F
0-1: Swinging Strike
0-2: Strikes out looking
Bottom of the 1st over - 0 runs, 0 hits, 0 errors, 1 left on base; University of Maine 0 - University of Miami 0
TOP OF THE 2ND
University of Maine Black Bears batting - Pitching for University of Miami Hurricanes : RHP Alberto Arellano
Batting: RHB Geoffrey Potter 0-0: Ball
1-0: Ball
2-0: Foul Ball, location: 2F
2-1: Foul Ball, location: 2F
2-2: Ball
3-2: Foul Ball, location: 2F
3-2: Fly out, F7 (Flyball, BS2, EV 107.5 MPH)
Batting: RHB Geoffrey Gonzalez 0-0: Foul Ball, location: 2F
0-1: Ball
1-1: Ball
2-1: Ball
3-1: Base on Balls
Batting: SHB Mario Barajas Balk!
Geoffrey Gonzalez to second
0-0: Called Strike
0-1: Ball
1-1: Foul Ball, location: 2F
1-2: Foul Ball, location: 2F
1-2: Strikes out swinging, 2-3 out at first.
Batting: RHB Travis Whitby 0-0: Foul Ball, location: 2F
0-1: Ground out 5-3 (Groundball, 56, EV 80.0 MPH)
Top of the 2nd over - 0 runs, 0 hits, 0 errors, 1 left on base; University of Maine 0 - University of Miami 0
BOTTOM OF THE 2ND
University of Miami Hurricanes batting - Pitching for University of Maine Black Bears : RHP Johnny Becerra
Batting: RHB Danny Diaz 0-0: Called Strike
0-1: Called Strike
0-2: SINGLE (Line Drive, 56D, EV 96.9 MPH)
Batting: RHB C.J. Fleet 0-0: Called Strike
Danny Diaz is caught stealing 2nd base 2-4
0-1: Called Strike
0-2: Ball
1-2: Ball
2-2: Strikes out looking
Batting: LHB Alastair Cummings 0-0: Ball
1-0: Swinging Strike
1-1: Foul Ball, location: 2F
1-2: Ball
2-2: Ball
3-2: Ground out 1-3 (Groundball, P, EV 71.2 MPH)
Bottom of the 2nd over - 0 runs, 1 hit, 0 errors, 0 left on base; University of Maine 0 - University of Miami 0
TOP OF THE 3RD
University of Maine Black Bears batting - Pitching for University of Miami Hurricanes : RHP Alberto Arellano
Batting: LHB Osmo Leino 0-0: Ball
1-0: Ball
2-0: Foul Ball, location: 2F
2-1: Ball
3-1: Foul Ball, location: 2F
3-2: Strikes out swinging
Batting: RHB Mark Cozens 0-0: Fly out, F9 (Flyball, 9S, EV 83.8 MPH)
Batting: RHB Wang Huan 0-0: Foul Ball, location: 2F
0-1: Ground out 6-3 (Groundball, 6MD, EV 93.8 MPH)
Top of the 3rd over - 0 runs, 0 hits, 0 errors, 0 left on base; University of Maine 0 - University of Miami 0
BOTTOM OF THE 3RD
University of Miami Hurricanes batting - Pitching for University of Maine Black Bears : RHP Johnny Becerra
Batting: RHB Justin Jackson 0-0: Called Strike
0-1: Swinging Strike
0-2: Ball
1-2: Ball
2-2: Ball
3-2: Ground out 5-3 (Groundball, 56, EV 85.6 MPH)
Batting: RHB Chun-hak Ahn 0-0: Ball
1-0: Foul Ball, location: 2F
1-1: Called Strike
1-2: Fly out, F4 (Popup, 34S, EV 84.4 MPH)
Batting: LHB Juan Zuniga 0-0: Ball
1-0: Foul Ball, location: 2F
1-1: Swinging Strike
1-2: Ball
2-2: Strikes out looking
Bottom of the 3rd over - 0 runs, 0 hits, 0 errors, 0 left on base; University of Maine 0 - University of Miami 0
TOP OF THE 4TH
University of Maine Black Bears batting - Pitching for University of Miami Hurricanes : RHP Alberto Arellano
Batting: LHB Seung Pack 0-0: Called Strike
0-1: Ball
1-1: Ball
2-1: Foul Ball, location: 2F
2-2: Strikes out swinging, 2-3 out at first.
Batting: RHB Alex Day 0-0: Ball
1-0: Ground out 6-3 (Groundball, 6, EV 80.6 MPH)
Batting: RHB Geoffrey Potter 0-0: Ball
1-0: SINGLE (Groundball, 6S, EV 71.9 MPH) (infield hit)
Batting: RHB Geoffrey Gonzalez 0-0: Ball
1-0: Swinging Strike
1-1: Called Strike
1-2: Strikes out swinging
Top of the 4th over - 0 runs, 1 hit, 0 errors, 1 left on base; University of Maine 0 - University of Miami 0
BOTTOM OF THE 4TH
University of Miami Hurricanes batting - Pitching for University of Maine Black Bears : RHP Johnny Becerra
Batting: LHB Hector Salazar 0-0: Foul Ball, location: 2F
0-1: Ball
1-1: SINGLE (Groundball, 34D, EV 98.8 MPH)
Batting: LHB Brian Woods 0-0: Called Strike
0-1: Ball
1-1: Foul Ball, location: 2F
1-2: Fly out, F7 (Flyball, 7, EV 86.2 MPH)
Batting: RHB Danny Gallardo 0-0: Ball
Hector Salazar is caught stealing 2nd base 2-4
1-0: Foul Ball, location: 2F
1-1: Swinging Strike
1-2: Ball
2-2: Foul Ball, location: 2F
2-2: Ball
3-2: Strikes out swinging
Bottom of the 4th over - 0 runs, 1 hit, 0 errors, 0 left on base; University of Maine 0 - University of Miami 0
TOP OF THE 5TH
University of Maine Black Bears batting - Pitching for University of Miami Hurricanes : RHP Alberto Arellano
Now at SS: Tu Vo
Now in CF: Mark Kerr
Now in RF: Jaquan Dumas
Batting: SHB Mario Barajas 0-0: Foul Ball, location: 2F
0-1: Ball
1-1: Ball
2-1: Swinging Strike
2-2: Ball
3-2: Strikes out swinging
Batting: RHB Travis Whitby 0-0: Ball
1-0: Ball
2-0: Ball
3-0: Called Strike
3-1: Foul Ball, location: 2F
3-2: Ground out 4-3 (Groundball, 4, EV 83.1 MPH)
Batting: LHB Osmo Leino 0-0: Ball
1-0: Ball
2-0: Called Strike
2-1: Ball
3-1: Called Strike
3-2: Ground out U3 (Groundball, 3L, EV 86.2 MPH)
Top of the 5th over - 0 runs, 0 hits, 0 errors, 0 left on base; University of Maine 0 - University of Miami 0
BOTTOM OF THE 5TH
University of Miami Hurricanes batting - Pitching for University of Maine Black Bears : RHP Johnny Becerra
Now at 1B: Bryan Douglas
Batting: RHB Danny Diaz 0-0: Called Strike
0-1: Foul Ball, location: 2F
0-2: Ball
1-2: Foul Ball, location: 2F
1-2: Ball
2-2: Ball
3-2: Ground out 5-3 (Groundball, 56, EV 81.2 MPH)
Batting: RHB C.J. Fleet 0-0: Called Strike
0-1: Ball
1-1: Ball
2-1: Swinging Strike
2-2: Strikes out swinging, 2-3 out at first.
Batting: LHB Alastair Cummings 0-0: Called Strike
0-1: Called Strike
0-2: Foul Ball, location: 2F
0-2: Ball
1-2: Foul Ball, location: 2F
1-2: Strikes out swinging
Bottom of the 5th over - 0 runs, 0 hits, 0 errors, 0 left on base; University of Maine 0 - University of Miami 0
TOP OF THE 6TH
University of Maine Black Bears batting - Pitching for University of Miami Hurricanes : RHP Alberto Arellano
Pitching: LHP Bert Anderson
Now in LF: Jonathan Gardner
Batting: RHB Bryan Douglas 0-0: Ball
1-0: Called Strike
1-1: Ground out 6-3 (Groundball, 6, EV 77.5 MPH)
Pinch Hitting: RHB Kevin Baker 0-0: Called Strike
0-1: Swinging Strike
0-2: Ball
1-2: Ball
2-2: Foul Ball, location: 2F
2-2: Foul Ball, location: 2F
2-2: Foul Ball, location: 2F
2-2: Strikes out swinging, 2-3 out at first.
Pinch Hitting: RHB Frank Gould 0-0: Ball
1-0: Ball
2-0: Called Strike
2-1: Ball
3-1: Fly out, F9 (Flyball, 9, EV 82.5 MPH)
Top of the 6th over - 0 runs, 0 hits, 0 errors, 0 left on base; University of Maine 0 - University of Miami 0
BOTTOM OF THE 6TH
University of Miami Hurricanes batting - Pitching for University of Maine Black Bears : RHP Johnny Becerra
Pitching: RHP Jorge Gutierrez
Now at C: Julio Villanueva
Now at 2B: Justin Degon
Now in LF: Osmo Leino
Now in CF: Jay Mellon
Now in RF: Carlos Rivera
Batting: RHB Justin Jackson 0-0: Called Strike
0-1: Ball
1-1: Foul Ball, location: 2F
1-2: Ball
2-2: Ground out 5-3 (Groundball, 56S, EV 71.2 MPH)
Batting: RHB Chun-hak Ahn 0-0: Foul Ball, location: 2F
0-1: Ball
1-1: Ball
2-1: Ball
3-1: Foul Ball, location: 2F
3-2: Base on Balls
Batting: RHB Mark Kerr 0-0: SINGLE (Flyball, 4D, EV 96.9 MPH)
Chun-hak Ahn to second
Pinch Runner at 2nd Brian Bell:
Batting: RHB Tu Vo 0-0: Ball
1-0: Called Strike
1-1: Called Strike
1-2: Fielders Choice at 2nd, 6-4 (Groundball, 6, EV 96.2 MPH)
Brian Bell to third
Pinch Hitting: SHB Steve Bailey 0-0: Swinging Strike
0-1: Called Strike
0-2: Ball
Passed Ball!
Brian Bell scores
Tu Vo to second
1-2: Ground out 5-3 (Groundball, 5, EV 101.2 MPH)
Bottom of the 6th over - 1 run, 1 hit, 0 errors, 1 left on base; University of Maine 0 - University of Miami 1
TOP OF THE 7TH
University of Maine Black Bears batting - Pitching for University of Miami Hurricanes : LHP Bert Anderson
Pitching: RHP Robin Kay
Now at 1B: Chris Zubia
Now in LF: Rusty Craig
Batting: LHB John Bergeron 0-0: Ball
1-0: Foul Ball, location: 2F
1-1: Foul Ball, location: 2F
1-2: Ground out 6-3 (Groundball, 6, EV 98.1 MPH)
Pitching: LHP Ryan Hosken
Batting: LHB Carlos Rivera 0-0: Called Strike
0-1: Ball
1-1: Foul Ball, location: 2F
1-2: Ball
2-2: Foul Ball, location: 2F
2-2: Strikes out looking
Pitching: RHP Gerald Heemskerk
Pinch Hitting: LHB Steve Thomas 0-0: Ball
1-0: Ground out 6-3 (Groundball, 6, EV 80.6 MPH)
Top of the 7th over - 0 runs, 0 hits, 0 errors, 0 left on base; University of Maine 0 - University of Miami 1
BOTTOM OF THE 7TH
University of Miami Hurricanes batting - Pitching for University of Maine Black Bears : RHP Jorge Gutierrez
Pitching: RHP Abera Koude
Now at SS: Steve Thomas
Batting: RHB Jaquan Dumas 0-0: DOUBLE (Line Drive, 9LS, EV 88.1 MPH)
Pinch Hitting: LHB Addergoole Kartosuwiryo 0-0: Called Strike
0-1: Foul Ball, location: 2F
0-2: Ball
1-2: Foul Ball, location: 2F
1-2: Ball
2-2: Foul Ball, location: 2F
2-2: TRIPLE (Groundball, 3L, EV 101.9 MPH)
Jaquan Dumas scores
Pinch Hitting: RHB Drew Morgenstern 0-0: Ball
1-0: Called Strike
1-1: Swinging Strike
1-2: Strikes out looking
Batting: SHB Taylor Shelton 0-0: Called Strike
0-1: SINGLE (Line Drive, 6D, EV 100.0 MPH)
Addergoole Kartosuwiryo scores
Batting: RHB Justin Jackson 0-0: Ball
1-0: Fly out, F9 (Flyball, 9S, EV 83.1 MPH)
Batting: RHB Chris Zubia 0-0: Ball
1-0: Called Strike
1-1: Foul Ball, location: 2F
1-2: Ball
Taylor Shelton steals 2nd, throwing error, E2
Taylor Shelton to third
2-2: Foul Ball, location: 2F
2-2: Ball
3-2: Foul Ball, location: 2F
3-2: Foul Ball, location: 2F
3-2: Foul Ball, location: 2F
3-2: SINGLE (Groundball, 34D, EV 110.6 MPH)
Taylor Shelton scores
Pitching: LHP Mario Valderrama
Batting: RHB Mark Kerr 0-0: Called Strike
Chris Zubia is caught stealing 2nd base 2-4
Bottom of the 7th over - 3 runs, 4 hits, 1 error, 0 left on base; University of Maine 0 - University of Miami 4
TOP OF THE 8TH
University of Maine Black Bears batting - Pitching for University of Miami Hurricanes : RHP Gerald Heemskerk
Pitching: RHP Chris Moore
Now at 2B: Harry Labelle
Now at 3B: Luke Jensen
Pinch Hitting: RHB Rewa Havika 0-0: Foul Ball, location: 2F
0-1: Ball
1-1: Ball
2-1: Called Strike
2-2: Foul Ball, location: 2F
2-2: Ball
3-2: Foul Ball, location: 2F
3-2: Base on Balls
Batting: RHB Jay Mellon 0-0: Foul Ball, location: 2F
0-1: Called Strike
0-2: DOUBLE (Flyball, 7LD, EV 106.2 MPH)
Rewa Havika to third
Runner from 3rd tries for Home, SAFE, throw by LF to home
Pinch Hitting: RHB Scott Snyder 0-0: Called Strike
0-1: Ball
1-1: Foul Ball, location: 2F
1-2: Strikes out swinging
Pinch Hitting: LHB Taro Inamine 0-0: Foul Ball, location: 2F
0-1: Fly out, F9 (Flyball, 9S, EV 82.5 MPH)
Pinch Hitting: LHB John Knox 0-0: Ball
1-0: Called Strike
1-1: Foul Ball, location: 2F
1-2: Strikes out looking
Top of the 8th over - 1 run, 1 hit, 0 errors, 1 left on base; University of Maine 1 - University of Miami 4
BOTTOM OF THE 8TH
University of Miami Hurricanes batting - Pitching for University of Maine Black Bears : LHP Mario Valderrama
Now at 1B: Bill Knolle
Now at 2B: Dave Aguilar
Now at 3B: Rewa Havika
Now in LF: Scott Snyder
Batting: RHB Mark Kerr 0-0: Ball
1-0: Foul Ball, location: 2F
1-1: Ball
2-1: Called Strike
2-2: Foul Ball, location: 2F
2-2: Ball
3-2: Foul Ball, location: 2F
3-2: Base on Balls
Batting: RHB Tu Vo 0-0: Bunted foul
0-1: Bunt missed!
0-2: Strikes out swinging
Batting: LHB Rusty Craig 0-0: Called Strike
0-1: Ball
Wild Pitch!
Mark Kerr to second
1-1: Called Strike
1-2: Ball
2-2: Foul Ball, location: 2F
2-2: 2-RUN HOME RUN (Flyball, 9D, EV 97.5 MPH), Distance : 377 ft
Batting: RHB Jaquan Dumas 0-0: Called Strike
0-1: Swinging Strike
0-2: Ball
1-2: Strikes out swinging
Batting: RHB Harry Labelle 0-0: Ball
1-0: Swinging Strike
1-1: Foul Ball, location: 2F
1-2: Ground out 5-3 (Groundball, 5, EV 105.6 MPH)
Bottom of the 8th over - 2 runs, 1 hit, 0 errors, 0 left on base; University of Maine 1 - University of Miami 6
TOP OF THE 9TH
University of Maine Black Bears batting - Pitching for University of Miami Hurricanes : RHP Chris Moore
Pitching: RHP Bill Snelgrove
Pinch Hitting: RHB Chris Hill 0-0: Ball
1-0: Called Strike
1-1: Foul Ball, location: 2F
1-2: Ball
2-2: Fly out, F9 (Flyball, 9LM, EV 87.5 MPH)
Batting: LHB John Bergeron 0-0: Ball
1-0: Called Strike
1-1: Ball
2-1: Ball
3-1: Fly out, F7 (Flyball, 7, EV 76.9 MPH)
Batting: LHB Carlos Rivera 0-0: Foul Ball, location: 2F
0-1: Ball
1-1: Foul Ball, location: 2F
1-2: Strikes out swinging
Top of the 9th over - 0 runs, 0 hits, 0 errors, 0 left on base; University of Maine 1 - University of Miami 6
Tuesday, March 28th , 2023 - OOTP Baseball 23.10 Build 110